 Dungeon Crawl Stone Soup version 0.30.1-11-g7821555f0a (webtiles) character file.

Game seed: 6120438790714338054

21 ChrisAssaf the Gusty (level 2, -5/20 HPs)
             Began as a Draconian Air Elementalist on Nov 28, 2023.
             Slain by Sigmund
             ... wielding a +0 scythe
              (6 damage)
             ... on level 2 of the Dungeon.
             The game lasted 00:04:03 (739 turns).

ChrisAssaf the Gusty (Draconian Air Elementalist)    Turns: 739, Time: 00:04:04

Health: -5/20      AC:  4    Str: 10    XL:     2   Next: 62%
Magic:  3/14       EV: 12    Int: 15    God:
Gold:   58         SH:  0    Dex: 11    Spells: 0/5 levels left

rFire   . . .        (no weapon)
rCold   + . .        (no shield)
rNeg    . . .        (body armour unavailable)
rPois   .            (helmet restricted)
rElec   .            (no cloak)
rCorr   .            (no gloves)
SInv    .            (no boots)
Will    .....        (no amulet)
Stlth   +            d - ring of protection from cold
HPRegen 0.23/turn    e - ring of magical power
MPRegen 0.14/turn

%: no passive effects
@: confused
A: AC +4, unfitting armour, cold-blooded
a: no special abilities


You were on level 2 of the Dungeon.
You visited 1 branch of the dungeon, and saw 2 of its levels.

You collected 58 gold pieces.

Inventory:

Missiles
 c - 5 poisoned darts
Jewellery
 d - a ring of protection from cold (left hand)
 e - a ring of magical power (right hand)
Scrolls
 a - a scroll of enchant armour
Potions
 g - a potion of lignification {unknown}


   Skills:
 * Level 0.2 Fighting
 * Level 0.1 Throwing
 * Level 1.8 Dodging
 * Level 1.8 Stealth
 * Level 2.3 Spellcasting
 * Level 1.3 Conjurations
 * Level 3.4 Air Magic


You couldn't memorise any spells.
You knew the following spells:

 Your Spells              Type           Power      Damage    Failure   Level
a - Shock                 Conj/Air       32%        1d5       9%          1
b - Static Discharge      Conj/Air       16%        2-3/arc   12%         2
c - Call Imp              Summ           2%         N/A       32%         2

Your spell library contained the following spells:

 Spells                   Type           Power      Damage    Failure   Level
 Magic Dart               Conj           20%        1d4       12%         1
 Swiftness                Air            11%        N/A       16%         3
 Mephitic Cloud           Conj/Pois/Air  6%         N/A       32%         3
 Airstrike                Air            5%         2d(1-17)  47%         4


Dungeon Overview and Level Annotations

Branches:
Dungeon (2/15)

Altars:

Annotations:
D:2 Sigmund


Innate Abilities, Weirdness & Mutations

Your plain brown scales are hard. (AC +4)
You cannot fit into any form of body armour.
You are cold-blooded and may be slowed by cold attacks.


Message History

The rat is severely wounded.
You are struck by an arc of lightning.
The rat is struck by an arc of lightning.
You kill the rat!
You are struck by an arc of lightning.
The lightning grounds out.
You start resting.
A worm is nearby!
A hobgoblin comes into view.
The hobgoblin shouts!
A goblin comes into view. It is wielding a +0 club.
Sigmund and a kobold come into view.
Sigmund shouts!
The goblin shouts!
Sigmund points at you and mumbles some strange words.
The magic dart hits you.
The kobold shouts!
As you read the scroll of fog, it crumbles to dust.
The scroll dissolves into smoke.
The hobgoblin closely misses you. The goblin hits you but does no damage.
The hobgoblin barely misses you. Sigmund casts a spell at you.
You are confused.
The goblin hits you with a +0 club.
You hit the hobgoblin.
The hobgoblin is lightly wounded.
The goblin hits you but does no damage.
Sigmund hits you from afar with a +0 scythe.
The hobgoblin hits you.
* * * LOW HITPOINT WARNING * * *
The goblin attacks as you move away! The goblin barely misses you.
The hobgoblin completely misses you.
You completely miss the goblin. The hobgoblin barely misses you.
The goblin barely misses you. Sigmund closely misses you.
You bump into the rock wall.
The hobgoblin barely misses you. The goblin closely misses you.
You bump into the rock wall.
The goblin hits you but does no damage. The hobgoblin hits you.
* * * LOW HITPOINT WARNING * * *
Sigmund hits you from afar with a +0 scythe.
You die...

#.......# ###.......
#.##.....## ######
##.#.......#
#<.>.####..#.......#
#....#.....#...§§§§#
#......###.##§§§K@#
##..#.## #.###§gg#
....#.# #.##§§#@#
.##.#.# #.##§##§#
.##...# #.##§##.#
.#..### #.##.##.#
....# #w##.##.#
..#.# #.##w##.#
....# #.##.##.#
.##.#### #.#..##.# >
#....# #...## ###


You could see Sigmund, a hobgoblin, a goblin and a kobold.

Vanquished Creatures
  A worm (D:2)
  A bat (D:2)
  4 endoplasms
  A giant cockroach (D:2)
  A hobgoblin (D:2)
  A kobold (D:1)
  3 ball pythons
  2 frilled lizards (D:2)
  4 rats
18 creatures vanquished.

Notes
Turn   | Place    | Note
-------+----------+-------------------------------------------
     0 | D:1      | ChrisAssaf the Draconian Air Elementalist began the quest
                  | for the Orb.
     0 | D:1      | Reached XP level 1. HP: 14/14 MP: 3/3
   374 | D:1      | Reached XP level 2. HP: 20/20 MP: 1/5
   377 | D:1      | Learned a level 2 spell: Static Discharge
   380 | D:1      | Learned a level 2 spell: Call Imp
   729 | D:2      | Noticed Sigmund
   739 | D:2      | HP: 1/20 [hobgoblin (2)]
   739 | D:2      | Slain by Sigmund

Illustrated notes

Levels and vault maps discovered:
D:1:      dpeg_arrival_signposts, layout_basic, serial_glass, glass_columns_a,
          glass_columns_c
D:2:      layout_rooms, amethyst_killhole, amcnicky_mini_pool_small,
          uniq_sigmund, uniq_jessica

Action                     || total
---------------------------++-------
  Melee: Unarmed           ||     7
   Cast: Shock             ||    21
         Static Discharge  ||     9
         Call Imp          ||     1
    Use: Scroll            ||     3
         Potion            ||     2
 Armour: Skin              ||    14
  Dodge: Dodged            ||    28
